 Dungeon Crawl Stone Soup version 0.18.1-6-gd335043 (webtiles) character file.

438 Moloch the Carver (level 6, -1/42 HPs)
             Began as a High Elf Fighter on May 19, 2016.
             Slain by an ice beast (13 damage)
             ... on level 3 of the Dungeon.
             The game lasted 00:04:34 (3525 turns).

Moloch the Carver (High Elf Fighter)                Turns: 3525, Time: 00:04:35

Health: -1/42      AC:  7    Str: 17    XL:     6   Next: 69%
Magic:  7/7        EV:  6    Int: 11    God:
Gold:   255        SH:  9    Dex: 16    Spells: 0 memorised, 5 levels left

rFire  . . .     SeeInvis .     a - +0 long sword
rCold  . . .     Gourm    .     b - +0 scale mail
rNeg   . . .     Faith    .     c - +0 shield
rPois  .         Spirit   .     B - +0 helmet
rElec  .         Dismiss  .     (no cloak)
rCorr  .         Reflect  .     (no gloves)
SustAt .         Harm     .     (no boots)
MR     .....                    (no amulet)
Stlth  ..........               (no ring)
                                (no ring)

@: not resistant to hostile enchantments, extremely unstealthy
A: no striking features
a: no special abilities


You were on level 3 of the Dungeon.
You were hungry.

You visited 1 branch of the dungeon, and saw 4 of its levels.

You collected 255 gold pieces.

Inventory:

Hand Weapons
 a - a +0 long sword (weapon)
Missiles
 y - 10 tomahawks (quivered)
Armour
 b - a +0 scale mail (worn)
 c - a +0 shield (worn)
 B - a +0 helmet (worn)
Scrolls
 h - a scroll of amnesia {unknown}
 k - 2 scrolls of remove curse {unknown}
 o - 4 scrolls of recharging {unknown}
 q - 2 scrolls of enchant armour {unknown}
 r - a scroll of random uselessness {unknown}
 s - 2 scrolls of magic mapping {unknown}
 u - 2 scrolls of noise {unknown}
 w - 2 scrolls of identify {unknown}
 x - 3 scrolls of teleportation {unknown}
 D - a scroll of fog {unknown}
 F - a scroll of fear {unknown}
Potions
 d - a potion of might
 e - a potion of cure mutation {unknown}
 g - a potion of ambrosia {unknown}
 i - 2 potions of resistance {unknown}
 j - 3 potions of brilliance {unknown}
 l - a potion of berserk rage {unknown}
 m - 2 potions of curing {unknown}
 n - a potion of lignification {unknown}
 p - a potion of flight {unknown}
 t - 2 potions of haste {unknown}
 v - a potion of heal wounds {unknown}
 C - a potion of invisibility {unknown}
Comestibles
 f - 2 bread rations
 z - a meat ration
 A - a beef jerky


   Skills:
 - Level 3.0 Fighting
 + Level 8.8 Long Blades
 - Level 2.6 Armour
 - Level 2.6 Shields


You had 5 spell levels left.
You didn't know any spells.

Dungeon Overview and Level Annotations

Branches:
Dungeon (4/15)
 Temple: D:4-7

Altars:


Message History

The ice beast is almost dead.
The ice beast hits you. The ice beast freezes you.
* * * LOW HITPOINT WARNING * * *
You are too injured to fight recklessly!
You are too injured to fight recklessly!
You hit the ice beast but do no damage.
The ice beast is almost dead.
The ice beast hits you but does no damage.
You completely miss the ice beast.
The ice beast is almost dead.
You block the ice beast's attack.
You hit the ice beast but do no damage.
The ice beast is almost dead.
The ice beast hits you but does no damage.
You hit the ice beast but do no damage.
The ice beast is almost dead.
The ice beast hits you.
* * * LOW HITPOINT WARNING * * *
The ice beast freezes you!
You die...

#########.# #..#.#
#.# # #.# ##.#.# #.#
# #.####.#.####.# #
#.............# #
######...###########
# ##..# #.......# #
#..# #.#####.# #
#..# #.# #.# # #.@#
#.# #.# #### #.Y#
#.# #.# '..#
#.[###.#####.#
##.########
#.>[...#.....#
##.#......#
#########.#####
.#.#.####.#
#......##.# ...#.#
#.# #.####....#
.###.# #.# #.#
###### ...#[# #.#
#.#


You could see an ice beast.

Vanquished Creatures
  A phantom (D:4)
  A howler monkey (D:3)
  An orc priest (D:3)
  2 orc wizards (D:3)
  2 iguanas
  A worker ant (D:4)
  3 gnolls
  3 adders
  2 worms
  2 dart slugs
  6 giant geckos
  8 orcs
  3 giant cockroaches
  3 goblins
  11 hobgoblins
  6 jackals
  6 kobolds
  A ball python (D:1)
  3 bats
  A giant newt (D:4)
  A jackal skeleton (D:4)
  3 rats
70 creatures vanquished.

Notes
Turn   | Place    | Note
--------------------------------------------------------------
     0 | D:1      | Moloch the High Elf Fighter began the quest for the Orb.
     0 | D:1      | Reached XP level 1. HP: 16/16 MP: 2/2
   197 | D:1      | Reached skill level 3 in Long Blades
   207 | D:1      | Reached XP level 2. HP: 16/21 MP: 3/3
   812 | D:2      | Reached skill level 4 in Long Blades
   960 | D:1      | Reached XP level 3. HP: 11/26 MP: 4/4
  1420 | D:2      | Reached skill level 5 in Long Blades
  1516 | D:2      | Reached XP level 4. HP: 24/31 MP: 5/5
  1821 | D:3      | Reached skill level 6 in Long Blades
  2064 | D:3      | Reached XP level 5. HP: 30/36 MP: 6/6
  2584 | D:3      | Reached skill level 7 in Long Blades
  2988 | D:4      | Reached XP level 6. HP: 13/42 MP: 7/7
  3304 | D:4      | Reached skill level 8 in Long Blades
  3488 | D:4      | Noticed an ice beast
  3525 | D:3      | Slain by an ice beast

Skill      XL: |  1  2  3  4  5  6 |
---------------+-------------------+-----
Long Blades    | 3 4 5 6 7 8 |  8.8
Fighting       | |  3.0
Armour         | |  2.6
Shields        | |  2.6

Action                   |  1- 3 |  4- 6 || total
-------------------------+-------+-------++-------
Melee: Long sword        |    93 |   167 ||   260
Throw: Tomahawk          |       |     5 ||     5
  Eat: Chunk             |     2 |     6 ||     8
Armor: Scale mail        |    47 |    57 ||   104
Dodge: Dodged            |    19 |    28 ||    47
Block: Shield            |    48 |    66 ||   114
